Map: Lockdown LE

Players

Altik - Winner!

  • Race: Protoss Protoss
  • League: Diamond

Oda

  • Race: Zerg Zerg
  • League: Diamond

VOD

Have the link to the VOD?

Description

Time

  • Played on: Aug. 6, 2026, 8:05 a.m.
  • Length: 6:32
Show
View Real Time Build Order
Export as new Build Order

Altik Protoss - Winner!

Build Orders:  

Get SALT Encoding   

  8  0:00  Probe (Chrono Boost)  
  9  0:12  Probe (Chrono Boost)  
  10  0:19  Probe (Chrono Boost)  
  11  0:26  Probe  
  12  0:34  Pylon  
  12  0:38  Probe  
  13  0:53  Probe  
  14  0:58  Gateway  
  14  1:05  Probe (Chrono Boost)  
  14  1:07  Assimilator  
  15  1:17  Probe (Chrono Boost)  
  16  1:23  Pylon  
  16  1:25  Probe (Chrono Boost)  
  17  1:31  Probe  
  18  1:43  Probe  
  19  1:53  Nexus  
  19  1:57  Probe  
  20  2:15  Cybernetics Core  
  20  2:16  Probe  
  20  2:20  Gateway  
  21  2:26  Pylon  
  21  2:40  Assimilator  
  21  2:44  Probe (Chrono Boost), Zealot  
  24  2:51  Pylon  
  24  2:56  Probe (Chrono Boost)  
  25  3:02  Pylon  
  24  3:10  Stalker  
  24  3:11  Probe, Zealot  
  28  3:21  Probe  
  29  3:29  Twilight Council  
  29  3:34  Probe x2  
  31  3:48  Probe  
  32  3:53  Stargate  
  32  3:58  Gateway  
  32  4:00  Gateway  
  32  4:03  Probe  
  32  4:05  Probe  
  34  4:16  Charge, Probe  
  35  4:25  Probe  
  35  4:31  Pylon  
  36  4:32  Probe  
  36  4:33  Pylon  
  37  4:39  Void Ray (Chrono Boost)  
  41  4:46  Zealot  
  41  4:48  Zealot  
  41  4:52  Probe  
  46  4:54  Zealot  
  46  4:59  Zealot  
  50  5:01  Probe  
  51  5:08  Pylon  
  51  5:13  Oracle (Chrono Boost), Probe  
  52  5:21  Zealot x2  
  59  5:27  Zealot  
  61  5:30  Zealot  
  61  5:31  Probe  
  64  5:42  Oracle  
  64  5:48  Zealot  
  64  5:49  Zealot  
  71  5:55  Zealot, Probe  
  74  6:01  Pylon  
  74  6:04  Pylon  
  74  6:19  Probe  
  83  6:28  Pylon  
  83  6:29  Pylon  
Show
View Real Time Build Order
Export as new Build Order

Oda Zerg 

Build Orders: Pool First 

Get SALT Encoding   

  8  0:00  Drone  
  9  0:12  Drone  
  10  0:21  Drone  
  11  0:27  Overlord  
  11  0:34  Drone  
  12  0:48  Drone x2  
  14  0:53  Drone  
  15  1:03  Drone  
  16  1:15  Drone  
  16  1:16  Spawning Pool  
  16  1:26  Drone  
  16  1:31  Extractor  
  16  1:41  Hatchery  
  16  1:45  Drone  
  16  1:51  Overlord  
  16  1:56  Drone  
  17  2:03  Zergling x2  
  18  2:15  Zergling x2  
  19  2:20  Queen  
  21  2:26  Drone  
  22  2:35  Drone  
  23  2:44  Metabolic Boost  
  23  2:56  Hatchery  
  22  3:00  Drone x2  
  24  3:08  Drone x2  
  26  3:13  Drone x2  
  27  3:23  Drone x3  
  30  3:41  Overlord  
  30  3:43  Overlord  
  30  3:46  Queen  
  32  3:59  Queen  
  32  4:01  Drone x4  
  32  4:02  Zergling x4  
  40  4:12  Drone x2  
  40  4:14  Queen  
  44  4:26  Queen  
  47  4:38  Drone x3  
  47  4:39  Drone, Overlord  
  47  4:40  Overlord  
  47  4:41  Overlord  
  50  4:55  Drone x2  
  52  5:00  Evolution Chamber  
  52  5:02  Baneling Nest  
  52  5:04  Roach Warren  
  48  5:08  Drone x9  
  57  5:16  Queen  
  57  5:20  Drone x2  
  61  5:25  Lair  
  61  5:30  Extractor  
  61  5:31  Extractor  
  59  5:42  Spore Crawler  
  58  5:44  Spore Crawler  
  58  5:46  Drone x8, Spore Crawler  
  58  5:47  Drone x3  
  58  5:48  Overlord x2  
  67  6:01  Spore Crawler  
  66  6:05  Drone x2, Spore Crawler  
  66  6:06  Spore Crawler, Overlord  
  66  6:07  Overlord x2  
  65  6:19  Extractor  
Tags
 
Add a new tag
Caveats
  • Supply blocks, unpowered buildings, or Contaminate may cause inaccurate times.
  • Supply counts are checked every 10 seconds.